 Dungeon Crawl Stone Soup version 0.31-a0-188-g5e087ee2ca (webtiles) character file.

Game seed: 259993933127800964

1836 qw the Skirmisher (level 8, -6/48 HPs)
             Began as a Deep Elf Hunter on June 22, 2023.
             Was a Follower of Okawaru.
             Mangled by a wolf (8 damage)
             ... led by Grum
             ... on level 7 of the Dungeon.
             The game lasted 00:02:12 (5676 turns).

qw the Skirmisher (Deep Elf Hunter)                 Turns: 5676, Time: 00:02:13

Health: -6/48      AC:  7    Str: 10    XL:     8   Next: 87%
Magic:  10/11      EV: 17    Int: 15    God:    Okawaru [*.....]
Gold:   436        SH:  0    Dex: 18    Spells: 7/7 levels left

rFire   . . .        h - +0 orcbow (freeze)
rCold   . . .        (shield currently unavailable)
rNeg    . . .        q - +0 troll leather armour
rPois   .            k - +0 helmet
rElec   +            d - +0 cloak
rCorr   .            (no gloves)
SInv    .            (no boots)
Will    .....        a - amulet of the Air {Inacc Air Fly rElec RMsl}
Stlth   +++          (no ring)
HPRegen 1.08/turn    (no ring)
MPRegen 0.12/turn

%: repel missiles
@: about to teleport, heroic, flying
A: no striking features
a: Renounce Religion, Heroism


You were on level 7 of the Dungeon.
You worshipped Okawaru.
Okawaru was aware of your devotion.
You visited 2 branches of the dungeon, and saw 9 of its levels.

You collected 503 gold pieces.
You spent 67 gold pieces at shops.


   Skills:
 - Level 3.7(8.7) Fighting
 + Level 13.2(18.2) Ranged Weapons
 - Level 1.3(6.3) Armour
 - Level 5.1(10.1) Dodging
 - Level 1.2(6.2) Stealth
 + Level 2.4 Invocations


You had 7 spell levels left.
You didn't know any spells.
Your spell library was empty.

Inventory:

Hand Weapons
 h - a +0 orcbow of freezing (weapon)
Armour
 d - a +0 cloak (worn)
 k - a +0 helmet (worn)
 q - a +0 troll leather armour (worn)
Jewellery
 a - the amulet of the Air (around neck) {Inacc Air Fly rElec RMsl}
   (You found it on level 2 of the Dungeon)

   [amulet of nothing]

   Inacc:     It reduces the accuracy of your attacks and spells.
   Air:       It enhances your air magic.
   rElec:     It insulates you from electricity.
   Fly:       It grants you flight.
   RMsl:      It protects you from missiles.
 n - a ring of fire
Scrolls
 f - a scroll of teleportation
 m - 2 scrolls of identify
Potions
 b - a potion of enlightenment
 c - a potion of might
 e - a potion of cancellation
 g - 4 potions of curing
 i - a potion of resistance

Dungeon Overview and Level Annotations

Branches:
Dungeon (8/15)             Temple (1/1) D:5
   Lair: D:8-11

Altars:
Ashenzari
Dithmenos
Elyvilon
Fedhas
Gozag
Hepliaklqana
Kikubaaqudgha
Makhleb
Nemelex Xobeh
Okawaru
Qazlal
Ru
Sif Muna
Trog
Uskayaw
Vehumet
Wu Jian
Xom
Yredelemnul
Zin
The Shining One

Shops:
D:1 (**((

Annotations:
D:8 Grum


Message History

The arrow hits the orc but does no damage.
The wolf bites you. The wolf completely misses you.
The wolf closely misses you.
You shoot an arrow.
The arrow hits the wolf but does no damage.
The wolf is lightly wounded.
The wolf bites you but does no damage. Grum misses you.
The wolf bites you but does no damage.
You shoot an arrow. The arrow hits the wolf!
The arrow freezes the wolf.
The wolf is severely wounded.
The wolf barely misses you. The wolf bites you. The orc barely misses you.
Grum barely misses you.
You shoot an arrow. The arrow hits the wolf.
The arrow freezes the wolf.
The wolf is almost dead.
The wolf bites you. The wolf bites you but does no damage.
The wolf closely misses you. The orc warrior misses you.
The orc hits you with a +0 club. Grum misses you.
You shoot an arrow.
The arrow hits the wolf but does no damage.
The wolf is almost dead.
The wolf bites you! The wolf completely misses you.
The wolf closely misses you.
You shoot an arrow. The arrow closely misses the wolf.
The arrow hits the orc!
The arrow freezes the orc.
You kill the orc!
Okawaru accepts your kill. The wolf barely misses you.
The orc hits you but does no damage.
The orc warrior hits you with a +0 scimitar.
Grum hits you from afar with a +1 glaive!!
Ouch! That really hurt!
The wolf bites you.
5674 ||| STAIRDANCE The wolf bites you but does no damage.
The wolf bites you. The orc hits you but does no damage.
The orc warrior completely misses you. Grum barely misses you.
The wolf misses you. The wolf closely misses you.
You fly upwards.
There is a stone staircase leading down here.
5676 ||| READING 2 scrolls of teleportation.
As you read the scroll of teleportation, it crumbles to dust.
You feel strangely unstable. The wolf bites you. The wolf bites you!
You die...

.....######....#####........#...#
.....#....#.................#...#
.....#....#.................#....
.....#....#####.............#....
.....#........#.....#'##....#.^.#
.....#........#.....#..#....#...#
.....#........#.....#..#....#....
.....#......!.#oh...+..#....+....
.....#######..#o@h..#..#....#....
.....# ###..#.....#..#....#####
.....# #....##'####..#.........
.....# #..<..#.......#.........
.....# ##...##...##..#.........
.....# #...##..[##..#.........
.....######...##..[##..#.........
.....'....#............#.........
.....#...##...##...)...#.........


You could see an orc warrior, 2 wolves and an orc.

Vanquished Creatures
  A troll (D:6)
  A water moccasin (D:7)
  An ice beast (D:7)
  An orc warrior (D:7)
  A black bear (D:4)
  A wolf (D:8)
  An ogre (D:5)
  A phantom (D:6)
  3 scorpions
  2 hounds
  A jelly (D:7)
  5 orc priests
  A gnoll bouda (D:4)
  2 sleepcaps
  3 iguanas
  6 orc wizards
  13 gnolls
  6 adders
  A shadow imp (D:6)
  2 white imps
  An ufetubus (D:4)
  3 dart slugs
  17 orcs
  A bat (D:1)
  6 endoplasms
  4 goblins
  3 hobgoblins
  A quokka (D:5)
  4 ball pythons
  3 frilled lizards
  4 kobolds
  A rat (D:3)
101 creatures vanquished.

Notes
Turn   | Place    | Note
-------+----------+-------------------------------------------
     0 | D:1      | qw the Deep Elf Hunter began the quest for the Orb.
     0 | D:1      | Reached XP level 1. HP: 12/12 MP: 3/3
     0 | D:1      | 0 ||| qw: Version: 0.3-a-9-g12657ce
     0 | D:1      | 0 ||| qw: Game counter: 3002
     0 | D:1      | 0 ||| qw: Always use a shield: true
     0 | D:1      | 0 ||| qw: God list: Okawaru
     0 | D:1      | 0 ||| qw: Allow faded altars: false
     0 | D:1      | 0 ||| qw: Do Orc after D:15 true
     0 | D:1      | 0 ||| qw: Do second Lair branch before Depths: true
     0 | D:1      | 0 ||| qw: Lair rune preference: random
     0 | D:1      | 0 ||| qw: Plans: Normal
     0 | D:1      | 0 ||| PLANNING D:1-11
   250 | D:1      | Found Cunatell's General Store.
   255 | D:1      | 255 ||| SHOPLISTING +6 ring of strength (504 gold, have
                  | 60).
   255 | D:1      | 255 ||| BUYING potion of curing (42 gold).
   255 | D:1      | Bought a potion of curing for 42 gold pieces
   255 | D:1      | 255 ||| SHOPLISTING scroll of teleportation (42 gold, have
                  | 18).
   294 | D:1      | You fall into a shaft and drop 1 floor!
   330 | D:2      | 330 ||| UPGRADING to +0 cloak.
   335 | D:2      | 335 ||| UPGRADING to +0 scale mail.
   345 | D:2      | 345 ||| DROPPING +0 leather armour.
   346 | D:2      | 346 ||| READING scroll labelled BUIS LOCRIG.
   347 | D:2      | 347 ||| READING 3 scrolls labelled QAAJECW QAXAT.
   369 | D:2      | Reached XP level 2. HP: 16/16 MP: 4/4
   377 | D:2      | 377 ||| READING scroll labelled SIMOEM DOELE.
   378 | D:2      | 378 ||| DROPPING scroll of butterflies.
   379 | D:2      | Found the amulet of the Air {Inacc Air Fly rElec RMsl}
   398 | D:1      | Found Bonoosotuo's Antique Weapon Shoppe.
   404 | D:1      | 404 ||| SHOPLISTING bloodstained longbow (253 gold, have
                  | 27).
   404 | D:1      | 404 ||| SHOPLISTING runed sling (99 gold, have 27).
   435 | D:1      | Found Azxer's Assorted Antiques.
   441 | D:1      | 441 ||| BUYING glowing ruby potion (25 gold).
   441 | D:1      | Bought a glowing ruby potion for 25 gold pieces
   441 | D:1      | 441 ||| SHOPLISTING metallic puce potion (25 gold, have
                  | 12).
   441 | D:1      | 441 ||| SHOPLISTING pair of boots (126 gold, have 12).
   441 | D:1      | 441 ||| SHOPLISTING ring mail (112 gold, have 12).
   441 | D:1      | 441 ||| SHOPLISTING scroll labelled BIKHLOI PAIGU (28 gold,
                  | have 12).
   441 | D:1      | 441 ||| SHOPLISTING scroll labelled UCYRUOS DUPIG (28 gold,
                  | have 12).
   454 | D:1      | Reached skill level 6 in Ranged Weapons
   516 | D:1      | Found a faded altar of an unknown god.
   617 | D:1      | Found Xage's Weapon Boutique.
   618 | D:1      | Noticed a +0 executioner's axe
   619 | D:1      | Noticed a +0 demon whip
   689 | D:1      | Found Ehofunn's Weapon Boutique.
   798 | D:1      | 798 ||| READING scroll labelled QEVIMYGGIM.
   799 | D:1      | 799 ||| DRINKING 2 bubbling ruby potions.
   938 | D:2      | Reached XP level 3. HP: 20/20 MP: 5/5
  1197 | D:2      | 1197 ||| UPGRADING to +0 helmet.
  1202 | D:2      | 1202 ||| UPGRADING to +0 ring mail.
  1212 | D:2      | 1212 ||| DROPPING +0 scale mail.
  1213 | D:2      | 1213 ||| UPGRADING to amulet of the Air {Inacc Air Fly
                  | rElec RMsl}.
  1218 | D:2      | 1218 ||| READING 2 scrolls labelled HUTZUKL WIHORAR.
  1219 | D:2      | 1219 ||| READING scroll of enchant weapon.
  1219 | D:2      | 1219 ||| ENCHANTING +1 shortbow of flaming.
  1220 | D:2      | 1220 ||| READING scroll labelled UCYRUOS DUPIG.
  1527 | D:3      | Reached skill level 7 in Ranged Weapons
  1621 | D:3      | 1621 ||| READING scroll labelled TOAB NUOCARCH.
  1622 | D:3      | 1622 ||| READING 2 scrolls labelled BIKHLOI PAIGU.
  1623 | D:3      | 1623 ||| READING scroll labelled TUJ QOVVOHA.
  1625 | D:3      | 1625 ||| Stepping ~*~*~tactically~*~*~ (cloud).
  1626 | D:3      | 1626 ||| DRINKING 5 potions of curing.
  1626 | D:3      | 1626 ||| (to cure poison)
  1635 | D:3      | 1635 ||| Stepping ~*~*~tactically~*~*~ (cloud).
  1635 | D:3      | HP: 4/20 [poisoned by you (poison gas)]
  1636 | D:3      | 1636 ||| DRINKING 4 potions of curing.
  1636 | D:3      | 1636 ||| (to cure poison)
  1771 | D:4      | Reached XP level 4. HP: 25/25 MP: 6/6
  1790 | D:4      | Reached skill level 8 in Ranged Weapons
  1834 | D:4      | Reached XP level 5. HP: 29/29 MP: 7/7
  2051 | D:4      | HP: 7/29 [orc/+0 hand axe (5)]
  2052 | D:4      | 2052 ||| READING 4 scrolls of teleportation.
  2170 | D:4      | 2170 ||| DRINKING 4 potions of curing.
  2170 | D:4      | 2170 ||| (to cure confusion)
  2173 | D:4      | Reached skill level 9 in Ranged Weapons
  2285 | D:4      | Reached skill level 1 in Armour
  2285 | D:4      | Reached XP level 6. HP: 20/35 MP: 8/8
  2417 | D:4      | 2417 ||| Stepping ~*~*~tactically~*~*~ (outnumbered).
  2418 | D:4      | 2418 ||| Stepping ~*~*~tactically~*~*~ (outnumbered).
  2421 | D:4      | HP: 7/35 [orc priest/divine providence (15)]
  2422 | D:4      | 2422 ||| READING 3 scrolls of teleportation.
  2583 | D:4      | 2583 ||| FLEEEEING.
  2584 | D:4      | 2584 ||| FLEEEEING.
  2585 | D:4      | 2585 ||| FLEEEEING.
  2586 | D:4      | 2586 ||| FLEEEEING.
  2587 | D:4      | 2587 ||| FLEEEEING.
  2588 | D:4      | 2588 ||| FLEEEEING.
  2589 | D:4      | 2589 ||| FLEEEEING.
  2590 | D:4      | 2590 ||| FLEEEEING.
  2591 | D:4      | 2591 ||| FLEEEEING.
  2592 | D:4      | 2592 ||| FLEEEEING.
  2593 | D:4      | 2593 ||| FLEEEEING.
  2594 | D:4      | 2594 ||| FLEEEEING.
  2595 | D:4      | 2595 ||| FLEEEEING.
  2596 | D:4      | 2596 ||| FLEEEEING.
  2597 | D:4      | 2597 ||| FLEEEEING.
  2602 | D:4      | 2602 ||| FLEEEEING.
  2603 | D:4      | 2603 ||| FLEEEEING.
  2604 | D:4      | 2604 ||| FLEEEEING.
  2605 | D:4      | 2605 ||| FLEEEEING.
  2606 | D:4      | 2606 ||| FLEEEEING.
  2607 | D:4      | 2607 ||| FLEEEEING.
  2610 | D:4      | 2610 ||| FLEEEEING.
  2611 | D:4      | 2611 ||| FLEEEEING.
  2612 | D:4      | 2612 ||| FLEEEEING.
  2613 | D:4      | 2613 ||| STAIRDANCE
  2625 | D:3      | 2625 ||| DROPPING +1 robe of cold resistance.
  2626 | D:3      | 2626 ||| READING scroll labelled LEITIX TOGUSE.
  2627 | D:3      | 2627 ||| READING scroll labelled JUITAMICUMY.
  2628 | D:3      | 2628 ||| DRINKING 2 lumpy pink potions.
  2629 | D:3      | 2629 ||| DROPPING potion of degeneration.
  2637 | D:4      | 2637 ||| STAIRDANCE
  2806 | D:4      | Reached skill level 10 in Ranged Weapons
  3007 | D:5      | Entered Level 5 of the Dungeon
  3030 | D:5      | Reached skill level 3 in Dodging
  3044 | D:5      | Reached XP level 7. HP: 40/40 MP: 9/9
  3606 | D:5      | Reached skill level 11 in Ranged Weapons
  3731 | D:5      | Found a staircase to the Ecumenical Temple.
  3732 | D:5      | 3732 ||| PLANNING TEMPLE
  3733 | D:5      | 3733 ||| Stepping ~*~*~tactically~*~*~ (outnumbered).
  3735 | D:5      | 3735 ||| DROPPING ring of wizardry.
  3747 | D:5      | 3747 ||| FLEEEEING.
  3748 | D:5      | 3748 ||| FLEEEEING.
  3749 | D:5      | 3749 ||| FLEEEEING.
  3750 | D:5      | 3750 ||| FLEEEEING.
  3751 | D:5      | 3751 ||| FLEEEEING.
  3752 | D:5      | 3752 ||| FLEEEEING.
  3753 | D:5      | 3753 ||| FLEEEEING.
  3754 | D:5      | 3754 ||| FLEEEEING.
  3755 | D:5      | 3755 ||| FLEEEEING.
  3757 | D:5      | 3757 ||| FLEEEEING.
  3758 | D:5      | 3758 ||| FLEEEEING.
  3759 | D:5      | 3759 ||| FLEEEEING.
  3760 | D:5      | 3760 ||| FLEEEEING.
  3761 | D:5      | 3761 ||| FLEEEEING.
  3762 | D:5      | 3762 ||| FLEEEEING.
  3763 | D:5      | 3763 ||| FLEEEEING.
  3764 | D:5      | 3764 ||| FLEEEEING.
  3765 | D:5      | 3765 ||| FLEEEEING.
  3766 | D:5      | 3766 ||| FLEEEEING.
  3767 | D:5      | 3767 ||| FLEEEEING.
  3768 | D:5      | 3768 ||| FLEEEEING.
  3769 | D:5      | 3769 ||| FLEEEEING.
  3770 | D:5      | 3770 ||| FLEEEEING.
  3771 | D:5      | 3771 ||| FLEEEEING.
  3772 | D:5      | 3772 ||| FLEEEEING.
  3773 | D:5      | 3773 ||| FLEEEEING.
  3774 | D:5      | 3774 ||| FLEEEEING.
  3775 | D:5      | 3775 ||| FLEEEEING.
  3776 | D:5      | 3776 ||| STAIRDANCE
  3787 | D:4      | 3787 ||| READING scroll labelled ZEJAURGH IQUEMUTO.
  3788 | D:4      | 3788 ||| DRINKING 2 puce potions.
  3789 | D:4      | 3789 ||| DROPPING potion of attraction.
  3792 | D:5      | 3792 ||| STAIRDANCE
  3835 | Temple   | Entered the Ecumenical Temple
  3922 | Temple   | 3922 ||| PLANNING OKAWARU WORSHIP
  4148 | Temple   | Became a worshipper of Warmaster Okawaru
  4149 | Temple   | 4149 ||| PLANNING D:1-11
  4396 | D:6      | Reached skill level 12 in Ranged Weapons
  4607 | D:6      | 4607 ||| FLEEEEING.
  4698 | D:6      | Noticed a troll
  4706 | D:6      | Killed a troll
  4707 | D:6      | Reached skill level 3 in Fighting
  4707 | D:6      | Reached XP level 8. HP: 14/48 MP: 10/10
  4949 | D:6      | 4949 ||| UPGRADING to +0 troll leather armour.
  4959 | D:6      | 4959 ||| DROPPING +0 ring mail.
  4960 | D:6      | 4960 ||| READING scroll labelled GAHOJO RO WIY.
  4961 | D:6      | 4961 ||| READING scroll labelled BOPSA EBRO.
  4962 | D:6      | 4962 ||| DRINKING 2 glowing ruby potions.
  4963 | D:6      | 4963 ||| READING 4 scrolls of identify.
  4963 | D:6      | 4963 ||| IDENTIFYING bubbling sapphire potion
  4964 | D:6      | 4964 ||| READING 3 scrolls of identify.
  4964 | D:6      | 4964 ||| IDENTIFYING glowing clear potion
  4965 | D:6      | 4965 ||| READING 2 scrolls of identify.
  4965 | D:6      | 4965 ||| IDENTIFYING fuming silvery potion
  4966 | D:6      | 4966 ||| DROPPING potion of lignification.
  5159 | D:7      | Identified the +9 dagger of Fate {freeze, rN+ Str+3 Stlth+}
  5314 | D:7      | 5314 ||| SWAPPING to +0 orcbow.
  5325 | D:7      | 5325 ||| DROPPING +2 shortbow of flaming.
  5331 | D:7      | 5331 ||| Stepping ~*~*~tactically~*~*~ (outnumbered).
  5351 | D:7      | Reached * piety under Okawaru
  5476 | D:7      | Reached skill level 1 in Invocations
  5489 | D:7      | 5489 ||| READING scroll of brand weapon.
  5489 | D:7      | 5489 ||| BRANDING +0 orcbow.
  5564 | D:7      | Reached skill level 13 in Ranged Weapons
  5639 | D:7      | 5639 ||| READING 3 scrolls of identify.
  5639 | D:7      | 5639 ||| IDENTIFYING metallic puce potion
  5640 | D:7      | 5640 ||| DROPPING potion of brilliance.
  5658 | D:8      | Noticed Grum
  5659 | D:8      | 5659 ||| INVOKING Heroism.
  5673 | D:8      | HP: 8/48 [Grum/+1 glaive (25)]
  5673 | D:8      | HP: 3/48 [wolf[Grum] (5)]
  5674 | D:8      | 5674 ||| STAIRDANCE
  5676 | D:7      | 5676 ||| READING 2 scrolls of teleportation.
  5676 | D:7      | Mangled by a wolf

Levels and vault maps discovered:
D:1:      minmay_arrival_solitary_statue, layout_loops_ring, serial_shops,
          nicolae_shop_pleasant_corner_grove, nicolae_shop_crystal,
          nicolae_shop_rolling_square, nicolae_shop_mannequins, shop,
          hellmonk_ecumenical_altar_inner_sanctum, minmay_pentomino_p2
D:2:      layout_rooms, chequers_mini_garden
D:3:      layout_rooms
D:4:      layout_basic, kennysheep_generic_room_4
D:5:      layout_layer_cave, temple_green
D:6:      layout_rooms
D:7:      layout_gridville
D:8:      layout_cave_pods, enter_bailey_5, uniq_psyche, uniq_pikel, uniq_grum
Temple:   regret_index_temple_sigil_plot

Skill      XL: |  1  2  3  4  5  6  7  8 |
---------------+-------------------------+-----
Ranged Weapons | 6 7 8 9 10 12 13 | 13.2
Fighting       | 2 3 |  3.7
Armour         | 1 |  1.3
Dodging        | 3 5 |  5.1
Invocations    | 2 |  2.4
Stealth        | |  1.2

Action                     |  1- 3 |  4- 6 |  7- 9 || total
---------------------------+-------+-------+-------++-------
   Fire: Shortbow          |    61 |   117 |   136 ||   314
         Orcbow            |       |       |    78 ||    78
 Invoke: Heroism           |       |       |     1 ||     1
    Use: Scroll            |    10 |     4 |     9 ||    23
         Potion            |     3 |     2 |     2 ||     7
 Armour: Scale mail        |     2 |       |       ||     2
         Ring mail         |       |    26 |    16 ||    42
         Troll leather arm |       |       |    26 ||    26
  Dodge: Dodged            |     5 |    23 |    71 ||    99
         Repelled          |       |       |     3 ||     3

Table legend:
 A = Non-vault XP
 B = Vault XP
 C = Vault XP percentage of total XP
 D = Non-vault monster count
 E = Vault monster count
 F = Vault count percentage of total count
                 A         B        C        D         E       F
            +---------+---------+-------+---------+---------+-------
      Total |    2368 |     255 |   9.7 |      96 |       5 |   5.0
            +---------+---------+-------+---------+---------+-------
        D:1 |      32 |       5 |  13.5 |      11 |       2 |  15.4
        D:2 |       9 |       0 |   0.0 |       5 |       0 |   0.0
        D:3 |      19 |       0 |   0.0 |       8 |       0 |   0.0
        D:4 |     490 |     131 |  21.1 |      28 |       2 |   6.7
        D:5 |     375 |       0 |   0.0 |      13 |       0 |   0.0
        D:6 |     608 |       0 |   0.0 |      11 |       0 |   0.0
        D:7 |     832 |       0 |   0.0 |      19 |       0 |   0.0
        D:8 |       3 |     119 |  97.5 |       1 |       1 |  50.0
            +---------+---------+-------+---------+---------+-------
